 Dungeon Crawl Stone Soup version 0.27-a0-1083-gcf8293e1eb (webtiles) character file.

Game seed: 1397413047946597766

4 EnegeticOcto the Sneak (level 1, 0/20 HPs)
             Began as a Deep Dwarf Delver on Apr 26, 2021.
             Slain by an adder skeleton (1 damage)
             ... on level 4 of the Dungeon.
             The game lasted 00:00:26 (89 turns).

EnegeticOcto the Sneak (Deep Dwarf Delver)            Turns: 89, Time: 00:00:27

Health: 0/20       AC:  3    Str: 15    XL:     1   Next: 50%
Magic:  1/1        EV: 12    Int: 10    God:
Gold:   0          SH:  0    Dex: 14    Spells: 0/0 levels left

rFire    . . .     SeeInvis .   a - +0 hand axe
rCold    . . .     Faith    .   (no shield)
rNeg     . . .     Spirit   .   b - +0 leather armour
rPois    .         Reflect  .   (no helmet)
rElec    .         Harm     .   (no cloak)
rCorr    .         Rampage  .   (no gloves)
Will     .....                  (no boots)
Stlth    +++.......             (no amulet)
HPRegen  0.00/turn              (no ring)
MPRegen  0.07/turn              (no ring)

@: lethally poisoned (0 -> 0), non-regenerating
A: damage resistance, heal wounds, sense surroundings 1, no regeneration
a: Heal Wounds


You were on level 4 of the Dungeon.
You visited 1 branch of the dungeon, and saw 2 of its levels.

Inventory:

Hand Weapons
 a - a +0 hand axe (weapon)
Armour
 b - a +0 leather armour (worn)
Wands
 g - a wand of digging (3) {@v3}
Scrolls
 c - a scroll of fog {!r}
 d - a scroll of magic mapping {@r5 !r}
 e - a scroll of fear {!r}
Potions
 f - 2 potions of haste {@q4 !q}
 h - a potion of attraction {unknown}


   Skills:
 - Level 2.6 Fighting
 + Level 2.6 Axes
 - Level 2.1 Dodging
 - Level 6.0 Stealth


You couldn't memorise any spells.
You didn't know any spells.
Your spell library was empty.

Dungeon Overview and Level Annotations

Branches:
Dungeon (5/15)
 Temple: D:4-7

Altars:


Innate Abilities, Weirdness & Mutations

You are resistant to damage.
You can heal yourself by infusing magical energy.
You passively map a small area around you.
You do not regenerate.


Message History

You are frozen.
The endoplasm freezes you.
You are frozen.
You hit the endoplasm.
You kill the endoplasm!
No target in view!
No target in view!
No target in view!
No target in view!
No target in view!
No target in view!
No target in view!
A ball python comes into view.
The ball python misses you. The ball python grabs you.
The ball python constricts you.
Found a lumpy amethyst potion.
You hit the ball python.
You kill the ball python!
No target in view!
No target in view!
No target in view!
No target in view!
No target in view!
No target in view!
No target in view!
No target in view!
No target in view!
No target in view!
No target in view!
Found a glowing metal-bound book.
h - a lumpy amethyst potion
Found a stone staircase leading down.
An adder skeleton comes into view.
Autopickup is now off.
You see here a book of Conjurations.
Autopickup is now on.
Found 8 gold pieces.
A scorpion comes into view.
A necrophage comes into view.
The scorpion misses you.
You hit the scorpion but do no damage. You barely miss the adder skeleton.
The scorpion stings you.
You are poisoned.
The scorpion poisons you! The adder skeleton closely misses you.
The scorpion closely misses you.
You closely miss the scorpion. You hit the adder skeleton.
The adder skeleton bites you but does no damage.
The scorpion stings you. The adder skeleton barely misses you.
You barely miss the adder skeleton.
The adder skeleton is moderately damaged.
You barely miss the scorpion.
A water moccasin skeleton comes into view.
The scorpion stings you. The adder skeleton closely misses you.
You hit the adder skeleton.
The adder skeleton is heavily damaged.
You barely miss the scorpion. The scorpion stings you.
You are more poisoned.
The scorpion poisons you! The adder skeleton misses you.
The scorpion stings you.
You are more poisoned.
The scorpion poisons you!
You barely miss the adder skeleton.
The adder skeleton is heavily damaged.
You barely miss the scorpion.
* * * LOW HITPOINT WARNING * * *
You feel extremely sick.
The adder skeleton bites you but does no damage.
The scorpion stings you.
* * * LOW HITPOINT WARNING * * *
You are too injured to fight recklessly!
You are too injured to fight recklessly!
You are too injured to fight recklessly!
You are too injured to fight recklessly!
You are too injured to fight recklessly!
You are too injured to fight recklessly!
You are too injured to fight recklessly!
You are too injured to fight recklessly!
You are too injured to fight recklessly!
You are too injured to fight recklessly!
You are too injured to fight recklessly!
You are too injured to fight recklessly!
You are too injured to fight recklessly!
You are too injured to fight recklessly!
You are too injured to fight recklessly!
You are too injured to fight recklessly!
You are too injured to fight recklessly!
You are too injured to fight recklessly!
You are too injured to fight recklessly!
You are too injured to fight recklessly!
You are too injured to fight recklessly!
You are too injured to fight recklessly!
You are too injured to fight recklessly!
You are too injured to fight recklessly!
You are too injured to fight recklessly!
You are too injured to fight recklessly!
You are too injured to fight recklessly!
* * * LOW HITPOINT WARNING * * *
You feel very sick. The adder skeleton bites you.
You die...

* ............#.##.###
... ..#.......#####.#.#
* , ....##.#......####
#....
....#............#####..
...Z......##............
,..........
##......#.... *,
........####.........#..
*
.....>...##..........#..
,
.......@..#.#.......##..
....##sZ..#.##....#.##..
*
.n.............#:...##..
.......#.....##.....#..
.....$...........###....
.....#.#..........# ....
,
....##.#..###...........
.... #....# #......#.#
.. .......,##....##,#


You could see a scorpion, an adder skeleton and a water moccasin skeleton.

Vanquished Creatures
  A ball python (D:4)
  2 endoplasms (D:4)
3 creatures vanquished.

Notes
Turn   | Place    | Note
-------+----------+-------------------------------------------
     0 | D:5      | EnegeticOcto the Deep Dwarf Delver began the quest for the
                  | Orb.
     0 | D:5      | Reached XP level 1. HP: 20/20 MP: 1/1
    16 | D:5      | Noticed an ogre
    79 | D:4      | Noticed a scorpion
    82 | D:4      | Noticed a necrophage
    89 | D:4      | HP: 1/20 [poisoned by a scorpion]
    89 | D:4      | Slain by an adder skeleton

Illustrated notes

Levels and vault maps discovered:
D:4:      layout_cave_pools, elyvilon_altar_4, nicolae_overflow_hidden_temple,
          minmay_temple_entry_wispy, uniq_blork_the_orc
D:5:      layout_loops_ring, minmay_misc_feat_rugged, uniq_pikel

Action                   || total
-------------------------++-------
Melee: Hand axe          ||    12
Armor: Leather armour    ||     3
Dodge: Dodged            ||     9

Table legend: (Time is in decaauts)
 A = Elapsed time spent in this place.
 B = Non-inter-level travel time spent in this place.
 C = Inter-level travel time spent in this place.
 D = Time resting spent in this place.
 E = Time spent auto-exploring this place.
 F = Levels seen in this place.
 G = Mean time per level.
                   A        B        C        D        E       F      G
               +--------+--------+--------+--------+--------+-----+--------+
         Total |     90 |     90 |      0 |      0 |      0 |   2 |   45.0 |
       Dungeon |     90 |     90 |      0 |      0 |      0 |   2 |   45.0 |
               +--------+--------+--------+--------+--------+-----+--------+

Top non-repeatable levels by time:
     D:4: 58 daAuts
     D:5: 32 daAuts
